 Dungeon Crawl Stone Soup version 0.23-a0-808-gd21de94 (webtiles) character file.

170 Firecrotchwizard the Sneak (level 5, 0/25 HPs)
             Began as a Vine Stalker Assassin on Jan 21, 2019.
             Succumbed to a worker ant's poison
             ... on level 4 of the Dungeon.
             The game lasted 00:03:41 (2376 turns).

Firecrotchwizard the Sneak (Vine Stalker Assassin)  Turns: 2376, Time: 00:03:42

Health: 0/25       AC:  6    Str: 10 (12) XL:     5   Next: 50%
Magic:  3/6        EV: 10    Int: 10 (11) God:
Gold:   178        SH:  0    Dex: 13 (16) Spells: 4/4 levels left

rFire    . . .     SeeInvis .   a - +2 dagger
rCold    . . .     Gourm    .   (no shield)
rNeg     . . .     Faith    .   m - +0 ring mail
rPois    .         Spirit   +   u - +0 hat
rElec    .         Reflect  .   d - +0 cloak
rCorr    .         Harm     .   (no gloves)
MR       .....                  (no boots)
Stlth    ++........             (no amulet)
HPRegen  0.48/turn              (no ring)
MPRegen  0.10/turn              (no ring)

@: lethally poisoned (0 -> -6)
A: fangs 2, frail 1, regeneration 1, weak 1, magic shield, antimagic bite, no
potion heal 3, rot immunity, MP-powered wands
a: no special abilities


You were on level 4 of the Dungeon.
You were not hungry.

You visited 1 branch of the dungeon, and saw 4 of its levels.

You collected 178 gold pieces.

Inventory:

Hand Weapons
 a - a +2 dagger (weapon)
 b - a +0 blowgun
 p - a +3 dagger
   (You found it on level 2 of the Dungeon)
Missiles
 e - 8 poisoned needles
 f - 2 curare-tipped needles
Armour
 c - a +0 robe
 d - a +0 cloak (worn)
 m - a +0 ring mail (worn)
   (You found it on level 2 of the Dungeon)
 u - a +0 hat (worn)
   (You found it on level 3 of the Dungeon)
Jewellery
 j - an uncursed amulet of faith {unknown}
   (You found it on level 1 of the Dungeon)
Scrolls
 h - a scroll of enchant weapon {unknown}
 l - a scroll of teleportation {unknown}
 n - a scroll of fear {unknown}
 r - a scroll of remove curse {unknown}
 t - a scroll of enchant armour {unknown}
Potions
 i - a potion of degeneration {!q}
 k - a potion of heal wounds {unknown}
 q - a potion of agility {unknown}
Comestibles
 g - 7 rations
 s - a chunk of flesh {@w0}


   Skills:
 + Level 2.9 Fighting
 * Level 3.7 Short Blades
 - Level 1.7 Throwing
 - Level 0.7 Dodging
 + Level 5.9 Stealth


You had 4 spell levels left.
You didn't know any spells.
Your spell library was empty.

Dungeon Overview and Level Annotations

Branches:
Dungeon (4/15)
 Temple: D:4-7

Altars:


Innate Abilities, Weirdness & Mutations

You have extremely sharp teeth.
Your natural rate of healing is unusually fast.
When hurt, damage is shared between your health and your magic reserves.
Your bite disrupts and absorbs the magic of your enemies.
Potions cannot restore your health.
You are immune to rotting.
You are frail. (-10% HP)
You are weak. (Str -2)
You expend magic power (3 MP) to strengthen your wands.


Message History

You closely miss the adder. The adder completely misses you.
The worker ant barely misses you.
You miss the adder. You bite the adder, but do no damage.
The adder closely misses you. The worker ant completely misses you.
Health restored: 27 You barely miss the adder.
You bite the adder, but do no damage. The adder completely misses you.
The worker ant barely misses you. The adder bites you.
You take 2 damage, and have 25/27 hp.
You now have 5/6 mp.
You hit the worker ant but do no damage.
The worker ant barely misses you. The adder bites you.
You take 1 damage, and have 24/27 hp.
You hit the adder.
You kill the adder!
The worker ant barely misses you.
You regained 2 hp, and now have 26/28 hp.
You hit the worker ant.
You bite the worker ant, but do no damage.
The worker ant barely misses you.
You hit the worker ant. Your bite misses the worker ant.
The worker ant completely misses you.
You completely miss the worker ant. Your bite misses the worker ant.
The worker ant bites you!
You are poisoned.
The worker ant poisons you!
You take 6 damage, and have 21/28 hp.
MASSIVE DAMAGE!!
You now have 4/6 mp.
You hit the worker ant but do no damage.
You bite the worker ant. You drain its power.
You feel invigorated.
You feel sick. The worker ant barely misses you.
You take 1 damage, and have 20/28 hp.
You hit the worker ant. The worker ant barely misses you.
You hit the worker ant.
You bite the worker ant, but do no damage.
You feel sick. The worker ant bites you.
You are more poisoned.
The worker ant poisons you!
You take 3 damage, and have 18/28 hp.
You closely miss the worker ant. The worker ant barely misses you.
You closely miss the worker ant. Your bite misses the worker ant.
You feel sick. The worker ant bites you!
You take 7 damage, and have 12/28 hp.
MASSIVE DAMAGE!!
You now have 4/6 mp.
You barely miss the worker ant.
You feel sick. The worker ant bites you.
You are more poisoned.
The worker ant poisons you!
You take 3 damage, and have 9/28 hp.
You now have 3/6 mp.
It was a potion of degeneration.
There was something very wrong with that liquid.
You feel weakened.
You feel dopey.
You feel clumsy.
You feel sick.
The worker ant bites you but does no damage.
You hit the worker ant.
* * * LOW HITPOINT WARNING * * *
You feel sick. The worker ant barely misses you.
You take 2 damage, and have 7/28 hp.
You hit the worker ant but do no damage.
You feel sick.
The worker ant waves its antennae.
The worker ant bites you but does no damage.
Unknown command.
You hit the worker ant but do no damage.
You bite the worker ant. You drain its power.
You feel invigorated.
You feel sick.
The worker ant bites you but does no damage.
You take 1 damage, and have 6/28 hp.
MP restored: 6 Unknown command.
You hit the worker ant.
You feel sick. The worker ant completely misses you.
You hit the worker ant.
You feel sick. The worker ant bites you.
* * * LOW HITPOINT WARNING * * *
You are lethally poisoned!
The worker ant poisons you!
You take 2 damage, and have 4/28 hp.
You now have 5/6 mp.
You barely miss the worker ant.
You bite the worker ant, but do no damage.
* * * LOW HITPOINT WARNING * * *
You feel sick. The worker ant barely misses you.
You take 1 damage, and have 3/28 hp.
You hit the worker ant but do no damage.
Your bite misses the worker ant.
* * * LOW HITPOINT WARNING * * *
You feel sick. The worker ant bites you.
* * * LOW HITPOINT WARNING * * *
You take 1 damage, and have 2/28 hp.
You now have 3/6 mp.
You hit the worker ant.
You kill the worker ant!
* * * LOW HITPOINT WARNING * * *
You feel sick.
You take 1 damage, and have 1/28 hp.
Unknown command.
It was a potion of mutation.
You feel extremely strange.
You feel weaker.
You feel frail.
You feel your magical essence link to your wands.
You die...

#.. #.####
# #...<#
..
#..###...
#........#
#...######
#....>...
#...#.#.#
#@†.#...
#...# #.#
#$....#.#
#...#.#
....#...
##### ###


There were no monsters in sight!

Vanquished Creatures
  An orc wizard (D:4)
  2 worker ants (D:4)
  4 adders
  A dart slug (D:1)
  A leopard gecko (D:3)
  6 orcs (D:3)
  9 bats
  3 giant cockroaches (D:1)
  3 goblins
  6 hobgoblins
  4 kobolds
  A quokka (D:2)
  A ball python (D:1)
  4 frilled lizards
  6 rats
52 creatures vanquished.

Notes
Turn   | Place    | Note
-------+----------+-------------------------------------------
     0 | D:1      | Firecrotchwizard the Vine Stalker Assassin began the quest
                  | for the Orb.
     0 | D:1      | Reached XP level 1. HP: 11/11 MP: 2/2
    48 | D:1      | Reached skill level 2 in Short Blades
   134 | D:1      | Reached skill level 5 in Stealth
   134 | D:1      | Reached XP level 2. HP: 9/15 MP: 3/3
   135 | D:1      | Reached skill level 2 in Fighting
   494 | D:1      | Reached XP level 3. HP: 11/18 MP: 2/4
  1820 | D:3      | Gained mutation: Your natural rate of healing is unusually
                  | fast. [Vine Stalker growth]
  1820 | D:3      | Reached XP level 4. HP: 23/23 MP: 5/5
  1878 | D:3      | Reached skill level 3 in Short Blades
  2220 | D:4      | Reached XP level 5. HP: 27/27 MP: 6/6
  2368 | D:4      | HP: 7/28 [poisoned by a worker ant]
  2373 | D:4      | HP: 3/28 [poisoned by a worker ant]
  2375 | D:4      | HP: 1/28 [poisoned by a worker ant]
  2376 | D:4      | Gained mutation: You are weak. (Str -2) [potion of
                  | mutation]
  2376 | D:4      | Gained mutation: You are frail. (-10% HP) [potion of
                  | mutation]
  2376 | D:4      | Gained mutation: You expend magic power (3 MP) to
                  | strengthen your wands. [potion of mutation]
  2376 | D:4      | Succumbed to a worker ant's poison

Vault maps used:
D:1:      eino_arrival_water_star
D:2:      first_ration
D:4:      temple_fountains, serial_shops, nicolae_shop_stone, st_stairs_10,
          uniq_sigmund

Skill      XL: |  1  2  3  4 |
---------------+-------------+-----
Short Blades   | 2 3 |  3.7
Stealth        | 5 |  5.9
Fighting       | 2 |  2.9
Throwing       | |  1.7
Dodging        | |  0.7

Action                   |  1- 3 |  4- 6 || total
-------------------------+-------+-------++-------
Melee: Dagger            |   123 |    55 ||   178
       Bite              |    30 |    14 ||    44
  Use: Potion            |       |     2 ||     2
 Stab: Sleeping          |    13 |     2 ||    15
  Eat: Chunk             |     3 |     2 ||     5
Armor: Robe              |    10 |       ||    10
       Ring mail         |    16 |    19 ||    35
Dodge: Dodged            |    53 |    27 ||    80

Table legend:
 A = Non-vault XP
 B = Vault XP
 C = Vault XP percentage of total XP
 D = Non-vault monster count
 E = Vault monster count
 F = Vault count percentage of total count
                 A         B        C        D         E       F
            +---------+---------+-------+---------+---------+-------
      Total |     209 |      34 |  14.0 |      51 |       1 |   1.9
            +---------+---------+-------+---------+---------+-------
        D:1 |      36 |       0 |   0.0 |      20 |       0 |   0.0
        D:2 |      17 |       0 |   0.0 |      11 |       0 |   0.0
        D:3 |      71 |       0 |   0.0 |      17 |       0 |   0.0
        D:4 |      85 |      34 |  28.6 |       3 |       1 |  25.0
            +---------+---------+-------+---------+---------+-------

Vault maps used:
D:1:      eino_arrival_water_star
D:2:      first_ration
D:4:      temple_fountains, serial_shops, nicolae_shop_stone, st_stairs_10,
          uniq_sigmund

Table legend:
 A = Turns spent in this place as a percentage of turns spent in the entire game.
 B = Non-inter-level travel turns spent in this place as a percentage of non-inter-level travel turns spent in the entire game.
 C = Inter-level travel turns spent in this place as a percentage of turns spent in this place.
 D = Turns resting spent in this place as a percentage of non-inter-level travel turns spent in this place.
 E = Turns spent auto-exploring this place as a percentage of non-inter-level travel turns spent in this place.
 F = Non-inter-level travel turns spent in this place divided by the number of levels of this place that you've seen.
                   A       B       C       D       E      F
               +-------+-------+-------+-------+-------+----------------------
         Total | 100.0 | 100.0 |   5.7 |  21.4 |  59.7 | 560.2
       Dungeon | 100.0 | 100.0 |   5.7 |  21.4 |  59.7 | 560.2
               +-------+-------+-------+-------+-------+----------------------

Table legend:
 A = Kills in this place as a percentage of kills in entire the game.
 B = Kills by you in this place as a percentage of kills by you in the entire game.
 C = Kills by friends in this place as a percentage of kills by friends in the entire game.
 D = Other kills in this place as a percentage of other kills in the entire game.
 E = Experience gained in this place as a percentage of experience gained in the entire game.
 F = Experience gained in this place divided by the number of levels of this place that you have seen.
                   A       B       C       D       E      F
               +-------+-------+-------+-------+-------+----------------------
         Total | 100.0 | 100.0 |   N/A |   N/A | 100.0 |  60.8
       Dungeon | 100.0 | 100.0 |   N/A |   N/A | 100.0 |  60.8
               +-------+-------+-------+-------+-------+----------------------
